 Dungeon Sprint DCSS version 0.27-a0-1256-gced786f65e (webtiles) character file.

Game seed: 7773248276828244841

552 rocky1 the Blocker (level 7, -9/57 HPs)
             Began as a Minotaur Fighter on June 11, 2021.
             Was a Follower of Qazlal.
             Mangled by a fire elemental (11 damage)
             ... summoned by a deep elf pyromancer
             ... in the Dungeon (Sprint III: "The Ten Rune Challenge").
             The game lasted 00:02:48 (508 turns).

rocky1 the Blocker (Minotaur Fighter)                Turns: 508, Time: 00:02:49

Health: -9/57      AC:  6    Str: 23    XL:     7   Next: 8%
Magic:  9/9        EV:  9    Int:  5    God:    Qazlal [*.....]
Gold:   25         SH: 14    Dex:  9    Spells: 6/6 levels left

rFire    . . .     SeeInvis .   a - +0 long sword
rCold    . . .     Faith    .   c - +0 kite shield
rNeg     . . .     Spirit   .   b - +0 scale mail
rPois    .         Reflect  .   (helmet restricted)
rElec    .         Harm     .   (no cloak)
rCorr    .         Rampage  .   (no gloves)
Will     .....     NoTele   +   (no boots)
Stlth    ..........             (no amulet)
HPRegen  0.19/turn              (no ring)
MPRegen  0.11/turn              (no ring)

@: no status effects
A: horns 2, retaliatory headbutt
a: Renounce Religion


You were in the Dungeon.
You worshipped Qazlal.
Qazlal was aware of your devotion.
You visited 1 branch You collected 25 gold pieces.

Inventory:

Hand Weapons
 a - a +0 long sword (weapon)
Armour
 b - a +0 scale mail (worn)
 c - a +0 kite shield (worn)
Scrolls
 i - a scroll of immolation {unknown}
 j - 2 scrolls of blinking
 k - a scroll of brand weapon {unknown}
 l - a scroll of torment {unknown}
 m - a scroll of identify {unknown}
Potions
 e - a potion of curing
 f - a potion of heal wounds
 g - 3 potions of haste
 h - 2 potions of magic
 n - a potion of lignification {unknown}
 o - 6 potions of mutation
Miscellaneous
 d - a phantom mirror


   Skills:
 - Level 3.6 Fighting
 + Level 12.2 Long Blades
 - Level 3.6 Armour
 + Level 12.4 Shields
 + Level 4.2 Invocations


You had 6 spell levels left.
You didn't know any spells.
Your spell library was empty.

Dungeon Overview and Level Annotations

Branches:
Dungeon (1/1)

Altars:
Cheibriados
Dithmenos
Elyvilon
Fedhas
Gozag
Hepliaklqana
Makhleb
Nemelex Xobeh
Qazlal
Ru
Xom
Yredelemnul
Zin
The Shining One
Jiyva
Lugonu


Innate Abilities, Weirdness & Mutations

You have a pair of horns on your head.
You reflexively headbutt those who attack you in melee.


Message History

There is an open door here.
The deep elf pyromancer hits you with a +2 long sword of holy wrath!
You closely miss the deep elf pyromancer.
You headbutt the deep elf pyromancer!
The deep elf pyromancer is moderately wounded.
The deep elf pyromancer casts a spell.
You barely miss the deep elf pyromancer.
The deep elf pyromancer is moderately wounded.
The deep elf pyromancer hits you with a +2 long sword of holy wrath.
The fire elemental barely misses you. You block the fire elemental's attack.
You closely miss the deep elf pyromancer.
The deep elf pyromancer is moderately wounded.
The deep elf pyromancer hits you with a +2 long sword of holy wrath.
The fire elemental barely misses you. The fire elemental hits you.
The fire elemental burns you!
You slash the deep elf pyromancer!
The deep elf pyromancer is heavily wounded.
The deep elf pyromancer mumbles some strange words.
You block the fire elemental's attack. x2
You closely miss the deep elf pyromancer.
The deep elf pyromancer is heavily wounded.
The fire elemental disappears in a puff of smoke!
You block the fire elemental's attack. x2
You block the deep elf pyromancer's attack.
The fire elemental hits you. The fire elemental burns you!
You barely miss the deep elf pyromancer.
The deep elf pyromancer is heavily wounded.
The fire elemental closely misses you. You furiously retaliate!
You headbutt the fire elemental! The fire elemental hits you.
The fire elemental burns you!
* * * LOW HITPOINT WARNING * * *
You block the fire elemental's attack.
You block the deep elf pyromancer's attack.
Your shield and scale mail prevent you from hitting the deep elf pyromancer.
You headbutt the deep elf pyromancer.
The deep elf pyromancer is heavily wounded.
The fire elemental hits you. The fire elemental burns you!
* * * LOW HITPOINT WARNING * * *
The fire elemental hits you. The fire elemental burns you!
You die...

▓▓▓▓▓▓▓▓ ▓▓▓ ..'....♣♣♣
♣.##### #### ..#......♣
♣.#_E_# #__# ###....♣.♣
♣♣.#e@E# #._#
..#....≈♣♣♣♣..###E#+###)##
..#...≈≈..♣...#..........#
.)#..≈≈≈≈..♣♣.'.⌠........#
#'#..≈≈≈≈≈≈.♣.#...######'#
..#.≈≈≈≈≈≈....#.⌠.#__#...#
..#.≈≈≈≈≈.....#...#__#...#
..#.≈≈≈.......#+###__#...#
###...........# #__#...+


You could see a deep elf pyromancer and 3 fire elementals.

Vanquished Creatures
  A shadow (D)
  A spatial vortex (D)
  A necrophage (D)
  A water elemental (D)
  A scorpion (D)
  A jelly (D)
  A necromancer (D)
  A human (D)
  An endoplasm (D)
  3 rats (D)
12 creatures vanquished.

Notes
Turn   | Place    | Note
-------+----------+-------------------------------------------
     0 | D        | rocky1 the Minotaur Fighter began the quest for the Orb.
     0 | D        | Reached XP level 1. HP: 19/19 MP: 0/0
    45 | D        | Reached skill level 5 in Long Blades
    45 | D        | Reached skill level 5 in Shields
    45 | D        | Reached XP level 2. HP: 26/26 MP: 1/1
    49 | D        | Noticed a scorpion
    61 | D        | Killed a scorpion
    62 | D        | Reached XP level 3. HP: 11/31 MP: 2/2
    62 | D        | Reached XP level 4. HP: 13/39 MP: 3/3
   304 | D        | Noticed a water elemental
   308 | D        | Killed a water elemental
   321 | D        | Noticed a shadow
   325 | D        | Reached XP level 5. HP: 37/45 MP: 4/4
   326 | D        | Killed a shadow
   327 | D        | Reached XP level 6. HP: 42/51 MP: 5/5
   382 | D        | Found a blossoming altar of Fedhas.
   382 | D        | Found a stormy altar of Qazlal.
   382 | D        | Found a snail-covered altar of Cheibriados.
   382 | D        | Found a burning altar of Makhleb.
   382 | D        | Found a shimmering altar of Xom.
   383 | D        | Found a hazy altar of Hepliaklqana.
   383 | D        | Found an opulent altar of Gozag.
   383 | D        | Found a sparkling altar of Nemelex Xobeh.
   383 | D        | Found a corrupted altar of Lugonu.
   383 | D        | Found a viscous altar of Jiyva.
   383 | D        | Noticed a spatial vortex
   388 | D        | Became a worshipper of Qazlal Stormbringer
   410 | D        | Killed a spatial vortex
   444 | D        | Found a basalt altar of Yredelemnul.
   444 | D        | Found a shadowy altar of Dithmenos.
   444 | D        | Found a sacrificial altar of Ru.
   454 | D        | Reached * piety under Qazlal
   455 | D        | Reached XP level 7. HP: 50/57 MP: 7/9
   499 | D        | Found a glowing silver altar of Zin.
   499 | D        | Found a glowing golden altar of the Shining One.
   499 | D        | Found a white marble altar of Elyvilon.
   500 | D        | Noticed a deep elf pyromancer
   503 | D        | Noticed a fire elemental
   503 | D        | Noticed a fire elemental
   506 | D        | Noticed a fire elemental
   506 | D        | Noticed a fire elemental
   508 | D        | HP: 2/57 [fire elemental[a deep elf pyromancer] (8)]
   508 | D        | Mangled by a fire elemental

Illustrated notes

Levels and vault maps discovered:
D:        dungeon_sprint_mu [sprint_mu_entry_forest, sprint_mu_temple_rooms,
          sprint_mu_d1_spiders, sprint_mu_d2_genie, sprint_mu_d3_branching,
          sprint_mu_orc_legion, sprint_mu_elf_gauntlet, sprint_mu_hive_nellie,
          sprint_mu_lair_fedhas, sprint_mu_vaults_butterflies,
          sprint_mu_slime_circle, sprint_mu_shoals_kraken,
          sprint_mu_snake_twists, sprint_mu_blade_basic,
          sprint_mu_crypt_fortress, sprint_mu_tomb_spiral,
          sprint_mu_vestibule_basic, sprint_mu_gehenna_hellfire,
          sprint_mu_dis_giant, sprint_mu_tartarus_statrot,
          sprint_mu_cocytus_islands, sprint_mu_zot1]

Skill      XL: |  1  2  3  4  5  6 |
---------------+-------------------+-----
Long Blades    | 5 7 9 11 12 | 12.2
Shields        | 5 7 9 11 12 | 12.4
Invocations    | 4 |  4.2
Fighting       | |  3.6
Armour         | |  3.6

Action                   |  1- 3 |  4- 6 |  7- 9 || total
-------------------------+-------+-------+-------++-------
Melee: Long sword        |    14 |    36 |     7 ||    57
       Headbutt          |     4 |     4 |     2 ||    10
  Use: Potion            |     1 |     1 |       ||     2
Armor: Scale mail        |     9 |     2 |     5 ||    16
Dodge: Dodged            |     4 |     4 |     3 ||    11
Block: Kite shield       |     6 |     7 |     8 ||    21
       Rpst.: Long sword |     1 |     1 |       ||     2

Table legend: (Time is in decaauts)
 A = Elapsed time spent in this place.
 B = Non-inter-level travel time spent in this place.
 C = Inter-level travel time spent in this place.
 D = Time resting spent in this place.
 E = Time spent auto-exploring this place.
 F = Levels seen in this place.
 G = Mean time per level.
                   A        B        C        D        E       F      G
               +--------+--------+--------+--------+--------+-----+--------+
         Total |    525 |    525 |      0 |    287 |      0 |   1 |  525.0 |
       Dungeon |    525 |    525 |      0 |    287 |      0 |   1 |  525.0 |
               +--------+--------+--------+--------+--------+-----+--------+

Top non-repeatable levels by time:
       D: 525 daAuts
